 Dungeon Crawl Stone Soup version 0.20.1-1-g8b1a95d (webtiles) character file.

9 Folque the Magician (level 2, -4/18 HPs)
             Began as an Octopode Wizard on Dec 8, 2017.
             Killed from afar by a dart slug (6 damage)
             ... with a slug dart
             ... on level 1 of the Dungeon.
             The game lasted 00:00:57 (136 turns).

Folque the Magician (Octopode Wizard)                Turns: 136, Time: 00:00:58

Health: -4/18      AC:  1    Str:  6    XL:     2   Next: 16%
Magic:  5/6        EV: 13    Int: 20    God:
Gold:   12         SH:  0    Dex: 10    Spells: 6/7 levels left

rFire    . . .     SeeInvis .   g - +0 short sword
rCold    . . .     Gourm    .   (no shield)
rNeg     . . .     Faith    .   a - +0 hat
rPois    .         Spirit   .   (no amulet)
rElec    .         Reflect  .   (no ring)
rCorr    .         Harm     .   (no ring)
MR       .....                  (no ring)
Stlth    +++.......             (no ring)
Regen    0.1/turn               (no ring)
MPRegen  0.1/turn               (no ring)
                                (no ring)
                                (no ring)

@: no status effects
A: almost no armour, stealthy swim, amphibious, 8 rings, constrict 8, camouflage
1, gelatinous body 1
a: no special abilities


You were on level 1 of the Dungeon.
You were not hungry.

You visited 1 branch of the dungeon, and saw 1 of its levels.

You collected 12 gold pieces.

Inventory:

Hand Weapons
 g - a +0 short sword (weapon)
Armour
 a - a +0 hat (worn)
Jewellery
 j - an uncursed ring of protection from fire {unknown}
Scrolls
 d - a scroll of identify {unknown}
 e - a scroll of enchant armour {unknown}
Books
 b - a book of Minor Magic

   Spells                             Type                      Level
   a - Magic Dart                     Conjuration                  1
   b - Blink                          Translocation                2
   c - Call Imp                       Summoning                    2
   d - Slow                           Hexes                        2
   e - Conjure Flame                  Conjuration/Fire             3
   f - Mephitic Cloud                 Conjuration/Poison/Air       3
Comestibles
 c - 2 bread rations
 f - 5 chunks of flesh
 h - a meat ration
 i - 3 fruits


   Skills:
 * Level 1.3 Fighting
 - Level 2.0 Dodging
 - Level 2.6 Stealth
 + Level 3.1 Spellcasting
 - Level 1.0 Conjurations
   Level 1.0 Summonings
   Level 1.0 Translocations


You had 6 spell levels left.
You knew the following spells:

 Your Spells              Type           Power        Failure   Level  Hunger
a - Magic Dart            Conj           #...         10%         1    None


Dungeon Overview and Level Annotations

Branches:
Dungeon (1/15)

Altars:


Innate Abilities, Weirdness & Mutations

You cannot wear most types of armour.
You are very stealthy in the water. (Stealth+)
You are amphibious.
You can wear up to eight rings at the same time.
You can use your tentacles to constrict eight enemies at once.
Your skin changes colour to match your surroundings (Stealth+).
Your rubbery body absorbs attacks. (AC +1, EV +1)


Message History

You butcher the frilled lizard corpse.
You see here a chunk of flesh.
You barely miss the bat. You grab the bat.
You constrict the bat, but do no damage.
The bat misses you. The bat hits you.
The bat struggles to escape constriction.
You hit the bat but do no damage.
You constrict the bat, but do no damage.
The bat hits you. The bat hits you but does no damage.
The bat escapes!
f - 5 chunks of flesh (gained 1)
The bat hits you but does no damage.
You hit the bat.
You kill the bat!
A dart slug comes into view.
The dart slug launches a dart at you. The slug dart hits you!
* * * LOW HITPOINT WARNING * * *
The dart slug launches a dart at you. The slug dart hits you!
You die...

#...###..........#......
.........#..............
..............#.#...
.........#......####
)........#......#
.........##.##.##
#####.#.#.#.#..##
#.............
##.#.#@#.#....
#.....w.......
##.#.#.#.#....
#............. ##w#.#.#
#.... #.. ... ...# ##
#.# ..# ... .#


You could see 2 dart slugs.

Vanquished Creatures
  2 goblins (D:1)
  A hobgoblin (D:1)
  4 bats (D:1)
  A frilled lizard (D:1)
  A kobold (D:1)
9 creatures vanquished.

Notes
Turn   | Place    | Note
-------+----------+-------------------------------------------
     0 | D:1      | Folque the Octopode Wizard began the quest for the Orb.
     0 | D:1      | Reached XP level 1. HP: 11/11 MP: 4/4
    62 | D:1      | Reached skill level 1 in Fighting
    74 | D:1      | Reached XP level 2. HP: 7/18 MP: 1/6
   136 | D:1      | Killed from afar by a dart slug

Skill      XL: |  1 |
---------------+----+-----
Fighting       | 1 |  1.3
Dodging        | |  2.0
Stealth        | |  2.6
Spellcasting   | |  3.1
Conjurations   | |  1.0
Summonings     | |  1.0
Translocations | |  1.0

Action                   || total
-------------------------++-------
Melee: Unarmed           ||    12
       Constrict         ||     3
       Club              ||     1
       Tentacles         ||     1
       Short sword       ||     4
 Cast: Magic Dart        ||     6
 Stab: Sleeping          ||     1
Armor: Skin              ||     4
Dodge: Dodged            ||     6
